 Dungeon Crawl Stone Soup version 0.29.1-1-gd02db6906a (webtiles) character file.

Game seed: 1656475701007523276

123 fireball365 the Digger (level 4, -1/33 HPs)
             Began as a Demigod Earth Elementalist on Oct 8, 2022.
             Slain by a phantom (6 damage)
             ... on level 3 of the Dungeon.
             The game lasted 00:09:55 (2601 turns).

fireball365 the Digger (Demigod Earth Elementalist) Turns: 2601, Time: 00:09:55

Health: -1/33      AC:  6    Str:  9    XL:     4   Next: 51%
Magic:  10/10      EV:  8    Int: 17    God:
Gold:   121        SH:  0    Dex: 18    Spells: 7/8 levels left

rFire   . . .      SeeInvis +   f - +0 flail
rCold   . . .      Faith    .   u - orb {light}
rNeg    . . .      Spirit   .   m - +0 scale mail
rPois   .          Reflect  .   (no helmet)
rElec   .          Harm     .   (no cloak)
rCorr   .          Rampage  .   (no gloves)
Will    .....                   (no boots)
Stlth   +.........              (no amulet)
HPRegen 0.11/turn               i - ring of see invisible
MPRegen 0.12/turn               (no ring)

@: glowing
A: high MP 1, forlorn, divine attributes
a: no special abilities


You were on level 3 of the Dungeon.
You visited 1 branch of the dungeon, and saw 3 of its levels.

You collected 121 gold pieces.

Inventory:

Hand Weapons
 f - a +0 flail (weapon)
 q - a +0 hand axe
 r - a +4 short sword
 s - a +0 sling
Missiles
 c - 17 stones
 l - 5 atropa-tipped darts
Armour
 a - a +0 robe
 m - a +0 scale mail (worn)
 u - an orb of light (worn)
 w - a +0 scale mail
 y - a +0 leather armour
Jewellery
 i - a ring of see invisible (left hand)
Scrolls
 e - 3 scrolls of noise {unknown}
 h - a scroll of magic mapping {unknown}
 j - a scroll of identify {unknown}
 k - a scroll of teleportation {unknown}
 o - a scroll of amnesia {unknown}
 v - a scroll of silence {unknown}
 x - a scroll of enchant weapon {unknown}
Potions
 d - a potion of resistance {unknown}
 g - 2 potions of attraction {unknown}
 p - a potion of degeneration {unknown}
 t - 2 potions of might {unknown}
 z - a potion of mutation {unknown}


   Skills:
 + Level 0.1 Fighting
 + Level 0.4 Maces & Flails
 + Level 1.1 Armour
 + Level 2.1 Dodging
 + Level 1.9 Stealth
 + Level 2.7 Spellcasting
 + Level 0.8 Transmutations
 + Level 3.8 Earth Magic


You had 7 spell levels left.
You knew the following spells:

 Your Spells              Type           Power      Damage    Failure   Level
a - Sandblast             Erth           30%        2d9       30%         1

Your spell library contained the following spells:

 Spells                   Type           Power      Damage    Failure   Level
 Passwall                 Tmut/Erth      8%         N/A       63%         2
 Stone Arrow              Conj/Erth      16%        3d8       89%         3
 Petrify                  Tmut/Erth      10%        N/A       99%         4


Dungeon Overview and Level Annotations

Branches:
Dungeon (3/15)

Shops:
D:1 ?:=?


Innate Abilities, Weirdness & Mutations

You have an increased reservoir of magic. (+10% MP)
You shall have no god before yourself.
Your divine heritage dramatically boosts your attributes as you level up.


Message History

The phantom hits you but does no damage.
The phantom hits you.
* * * LOW HITPOINT WARNING * * *
The phantom blinks!
You blink.
A kobold comes into view. It is wielding a +0 dagger.
Found 15 gold pieces.
Found a stone staircase leading down.
You closely miss the phantom.
The phantom is heavily damaged.
The phantom hits you but does no damage.
You hit the phantom.
The phantom is severely damaged.
The phantom hits you.
* * * LOW HITPOINT WARNING * * *
The phantom blinks!
You blink.
You hit the phantom but do no damage.
The phantom is severely damaged.
The phantom hits you but does no damage.
The kobold closely misses you.
The phantom hits you but does no damage.
You sock the phantom!
The phantom is almost destroyed.
The phantom hits you but does no damage.
The kobold closely misses you.
You barely miss the phantom.
The phantom is almost destroyed.
The phantom hits you.
* * * LOW HITPOINT WARNING * * *
The phantom blinks!
You blink.
The kobold hits you but does no damage.
You closely miss the phantom.
The phantom is almost destroyed.
The kobold hits you but does no damage. The phantom barely misses you.
The kobold hits you but does no damage.
The phantom hits you but does no damage.
You barely miss the phantom.
The phantom is almost destroyed.
The phantom misses you. The kobold hits you but does no damage.
You hit the phantom but do no damage.
The phantom is almost destroyed.
The phantom hits you.
You die...

..##.# ....### # #.....#
.. .. #.....# ...
#..##.....#
..###........#
....##....W.#
#....#...@.#
#...#..K.....# #####
####........#..#
#...###..#..............
..###.#................#
###.#....#.#.......#...#
#......#ยง#.#...(.......#
...#.###.###$..##......
.#.###...# ...# .


You could see a phantom and a kobold.

Vanquished Creatures
  A hound (D:2)
  A gnoll (D:1)
  3 adders (D:2)
  A worm (D:2)
  A dart slug (D:3)
  An orc (D:3)
  5 endoplasms
  2 giant cockroaches
  7 goblins
  8 hobgoblins
  2 quokkas (D:1)
  5 ball pythons
  5 bats
  2 frilled lizards (D:1)
  A kobold (D:1)
  3 rats
48 creatures vanquished.

Notes
Turn   | Place    | Note
-------+----------+-------------------------------------------
     0 | D:1      | fireball365 the Demigod Earth Elementalist began the quest
                  | for the Orb.
     0 | D:1      | Reached XP level 1. HP: 14/14 MP: 5/5
    53 | D:1      | Found Reocworgh's Jewellery Shop.
    87 | D:1      | Reached skill level 3 in Earth Magic
    87 | D:1      | Reached XP level 2. HP: 3/20 MP: 1/7
   370 | D:1      | Found Ynuim's Magic Scroll Shoppe.
   408 | D:1      | Found Byavun's Book Shoppe.
   740 | D:1      | Found Lied's Magic Scroll Emporium.
  1541 | D:2      | Reached XP level 3. HP: 7/26 MP: 2/9
  2203 | D:2      | Reached skill level 1 in Armour
  2203 | D:2      | Reached XP level 4. HP: 33/33 MP: 8/10
  2569 | D:3      | Noticed a phantom
  2589 | D:3      | HP: 1/33 [phantom (4)]
  2601 | D:3      | Slain by a phantom

Illustrated notes

Levels and vault maps discovered:
D:1:      dpeg_arrival_boxes_within_box, layout_loops_ring, serial_shops,
          nicolae_shop_crystal, nicolae_shop_window_shopping,
          nicolae_shop_waterfront, nicolae_shop_advertising_works
          [nicolae_subvault_shop_adworks], chequers_serial_rivers_small_3,
          minmay_misc_feat_nine_boxes
D:2:      minmay_diamond_boxcup, layout_loops_ring
D:3:      minmay_razor_zed, layout_rooms, okawaru_ov_weapons_minmay,
          uniq_terence, uniq_natasha

Skill      XL: |  1  2  3 |
---------------+----------+-----
Earth Magic    | 3 |  3.8
Spellcasting   | 2 |  2.7
Dodging        | 2 |  2.1
Armour         | 1 |  1.1
Fighting       | |  0.1
Maces & Flails | |  0.4
Stealth        | |  1.9
Transmutations | |  0.8

Action                   |  1- 3 |  4- 6 || total
-------------------------+-------+-------++-------
Melee: Flail             |    26 |    21 ||    47
 Cast: Sandblast         |    40 |    23 ||    63
  Use: Potion            |       |     4 ||     4
Armor: Scale mail        |    25 |    27 ||    52
       Robe              |     3 |       ||     3
Dodge: Dodged            |    35 |    35 ||    70
